Map: Acid Plant LE

Players

Frauke

  • Race: Protoss Protoss
  • League: Silver
  • Spawn Location: 11:00

Evolutiion - Winner!

  • Race: Protoss Protoss
  • League: Gold
  • Spawn Location: 5:00

VOD

Have the link to the VOD?

Description

Time

  • Played on: April 23, 2018, 1:53 a.m.
  • Length: 26:57
Show
View Real Time Build Order
Export as new Build Order

Frauke Protoss 

Build Orders:  

Get SALT Encoding   

  12  0:00  Probe  
  13  0:08  Probe  
  14  0:25  Pylon  
  14  0:27  Probe  
  15  0:43  Probe  
  16  0:55  Probe  
  17  1:00  Gateway  
  17  1:06  Gateway  
  17  1:30  Assimilator  
  17  2:17  Cybernetics Core  
  17  2:26  Nexus  
  17  2:27  Probe  
  18  2:34  Assimilator  
  18  2:39  Probe  
  18  2:40  Zealot  
  18  2:41  Zealot  
  23  2:53  Pylon  
  23  3:11  Probe, Zealot x2  
  28  3:19  Probe  
  29  3:27  Probe  
  30  3:37  Probe  
  30  3:38  Zealot  
  33  3:48  Probe  
  33  3:49  Warp Gate, Probe  
  35  3:56  Probe  
  36  4:04  Probe  
  37  4:10  Pylon  
  37  4:14  Probe  
  37  4:16  Probe  
  39  4:22  Probe  
  39  4:28  Probe  
  39  4:31  Probe  
  42  4:40  Probe x2  
  44  4:50  Robotics Facility  
  44  4:51  Robotics Facility  
  44  4:52  Probe  
  45  4:53  Probe  
  45  4:55  Robotics Facility  
  46  5:05  Probe  
  47  5:16  Pylon  
  47  5:17  Probe  
  48  5:29  Probe  
  48  5:30  Immortal  
  48  5:31  Immortal  
  48  5:33  Immortal  
  49  5:41  Probe  
  62  6:06  Pylon  
  62  6:20  Stalker  
  62  6:21  Stalker  
  62  6:22  Pylon  
  62  6:24  Probe  
  67  6:36  Probe  
  68  6:42  Forge  
  68  6:44  Stalker x2  
  68  6:48  Probe  
  73  7:00  Probe  
  74  7:02  Assimilator  
  74  7:13  Probe  
  74  7:14  Stalker  
  77  7:21  Twilight Council  
  77  7:22  Stalker  
  78  7:32  Probe  
  77  7:44  Probe  
  78  7:53  Pylon  
  78  7:56  Assimilator  
  78  8:11  Probe, Stalker x2  
  78  8:12  Nexus  
  83  8:15  Photon Cannon  
  83  8:17  Pylon  
  83  8:23  Probe  
  84  8:35  Probe  
  85  8:41  Stalker x2  
  85  8:46  Blink  
  85  8:47  Probe  
  90  8:51  Protoss Ground Armor Level 1  
  90  9:00  Probe  
  91  9:12  Probe  
  91  9:25  Immortal x3  
  94  10:03  Robotics Bay  
  94  10:04  Immortal x2  
  94  10:05  Immortal  
  106  10:11  Probe  
  107  10:18  Pylon  
  107  10:23  Probe  
  108  10:35  Probe  
  109  10:36  Photon Cannon  
  109  10:40  Photon Cannon  
  109  10:45  Protoss Ground Weapons Level 1  
  109  10:47  Probe  
  109  10:48  Pylon  
  110  10:59  Probe  
  111  11:11  Photon Cannon  
  111  11:47  Stalker x2  
  115  11:56  Immortal x2  
  123  12:06  Pylon  
  123  12:10  Photon Cannon  
  123  12:24  Immortal  
  127  12:36  Immortal  
  131  12:40  Gateway  
  131  12:42  Gateway  
  131  12:47  Stalker  
  133  13:00  Pylon  
  133  13:03  Assimilator  
  133  13:08  Assimilator  
  133  13:18  Immortal x2  
  141  13:22  Pylon  
  141  13:34  Protoss Ground Armor Level 2  
  141  13:40  Immortal, Probe  
  146  13:52  Probe  
  147  13:57  Observer  
  148  14:04  Probe  
  149  14:23  Pylon  
  149  14:27  Pylon  
  149  14:32  Colossus, Probe  
  149  14:33  Colossus  
  112  14:44  Probe  
  69  14:55  Stalker  
  69  14:56  Stalker  
  73  15:13  Stalker  
  75  15:14  Stalker  
  77  15:40  Protoss Ground Weapons Level 2  
  77  15:54  Extended Thermal Lance  
  76  16:16  Nexus  
  76  16:20  Zealot  
  76  16:21  Zealot  
  76  16:22  Colossus x3  
  98  16:50  Dark Shrine  
  98  17:14  Colossus  
  98  17:15  Colossus x2  
  117  17:30  Probe  
  117  17:42  Probe  
  118  17:54  Probe  
  118  17:56  Protoss Shields Level 1  
  118  17:58  Colossus  
  119  18:06  Probe  
  119  18:08  Colossus x2  
  138  18:18  Probe  
  139  18:51  Colossus  
  145  18:57  Pylon  
  145  19:01  Photon Cannon  
  145  19:02  Colossus x2  
  157  19:12  Probe  
  157  19:15  Assimilator  
  158  19:18  Assimilator  
  158  19:24  Probe  
  159  19:36  Probe  
  160  19:45  Colossus  
  160  19:46  Photon Cannon  
  160  19:47  Photon Cannon  
  160  19:48  Probe  
  167  19:53  Nexus  
  167  19:55  Colossus x2, Photon Cannon  
  167  19:57  Photon Cannon  
  167  19:59  Photon Cannon  
  179  20:00  Photon Cannon  
  179  20:02  Pylon  
  179  20:03  Probe  
  180  20:16  Probe  
  181  20:25  Shield Battery  
  181  20:26  Shield Battery  
  181  20:28  Probe  
  182  20:37  Shield Battery  
  182  20:39  Colossus  
  188  20:49  Colossus  
  194  21:04  Colossus  
  198  21:58  Colossus  
  154  23:21  Stalker x3  
  154  23:22  Stalker  
  64  24:19  Stargate  
  64  24:21  Stargate  
  64  24:24  Stargate  
  64  24:25  Stargate  
  64  24:26  Probe  
  65  24:34  Probe  
  66  24:44  Probe  
  67  24:56  Probe  
  67  25:08  Probe  
  68  25:15  Fleet Beacon  
Show
View Real Time Build Order
Export as new Build Order

Evolutiion Protoss - Winner!

Build Orders:  

Get SALT Encoding   

  12  0:06  Probe  
  13  0:18  Probe  
  14  0:28  Pylon  
  14  0:30  Probe  
  15  0:46  Probe  
  15  0:48  Gateway  
  16  0:59  Probe  
  17  1:11  Probe  
  18  1:23  Probe  
  19  1:35  Probe  
  19  1:36  Cybernetics Core  
  20  1:47  Probe  
  21  1:59  Probe  
  22  2:11  Probe  
  23  2:17  Assimilator  
  23  2:22  Assimilator  
  23  2:26  Nexus  
  23  2:33  Gateway  
  23  2:36  Gateway  
  23  2:37  Gateway  
  23  2:40  Pylon  
  23  2:43  Pylon  
  23  2:58  Probe  
  23  2:59  Pylon  
  23  3:01  Pylon  
  24  3:10  Probe  
  25  3:22  Probe  
  26  3:28  Warp Gate  
  26  3:35  Probe  
  26  3:36  Stargate  
  27  3:44  Assimilator  
  27  3:49  Assimilator  
  27  3:54  Pylon  
  27  4:25  Shield Battery  
  27  4:26  Shield Battery  
  27  4:31  Gateway  
  27  4:38  Gateway  
  27  4:41  Pylon  
  27  4:45  Probe  
  27  4:46  Probe  
  29  4:53  Probe  
  29  4:54  Probe  
  31  5:01  Probe  
  31  5:02  Probe  
  31  5:05  Robotics Facility  
  33  5:13  Probe x2  
  35  5:25  Probe  
  35  5:26  Probe  
  37  5:31  Oracle  
  37  5:34  Stalker x2  
  44  5:35  Stalker  
  44  5:36  Stalker  
  44  5:37  Stalker  
  44  5:38  Probe x2  
  52  5:44  Forge  
  52  5:47  Probe  
  52  5:48  Probe  
  52  5:55  Probe  
  52  5:56  Probe  
  56  6:04  Probe x2  
  58  6:13  Shield Battery  
  58  6:16  Probe x2  
  60  6:27  Photon Cannon  
  60  6:28  Probe x2  
  60  6:31  Protoss Ground Weapons Level 1  
  62  6:40  Probe x2  
  62  6:44  Forge  
  62  6:45  Forge  
  64  6:54  Stalker x4  
  64  6:55  Stalker  
  64  6:56  Stalker  
  73  7:37  Adept x3  
  73  7:38  Adept x3  
  73  7:43  Protoss Ground Armor Level 1  
  73  7:44  Protoss Shields Level 1  
  85  8:05  Pylon  
  85  8:07  Nexus, Pylon  
  85  8:09  Assimilator  
  85  8:10  Pylon  
  85  8:12  Pylon  
  85  8:13  Pylon  
  85  8:14  Assimilator  
  85  8:15  Pylon  
  85  8:21  Oracle  
  85  8:26  Stalker x5  
  95  8:27  Stalker  
  100  8:37  Twilight Council  
  100  8:40  Pylon  
  100  8:49  Immortal  
  104  8:58  Void Ray  
  108  9:29  Immortal, Protoss Ground Weapons Level 2  
  108  9:31  Protoss Ground Armor Level 2  
  112  9:32  Protoss Shields Level 2  
  109  9:47  Void Ray  
  109  9:52  Stalker x3  
  117  9:53  Stalker x3  
  125  10:14  Pylon  
  125  10:19  Blink  
  125  10:26  Dark Shrine  
  125  10:34  Observer  
  126  10:47  Probe x2  
  126  10:48  Probe  
  129  10:59  Probe  
  129  11:00  Probe x2  
  132  11:11  Probe  
  132  11:12  Probe x2  
  135  11:23  Probe  
  135  11:24  Probe x2  
  136  11:35  Probe  
  136  11:36  Probe x2  
  136  11:37  Protoss Ground Weapons Level 3  
  136  11:38  Protoss Ground Armor Level 3  
  139  11:40  Protoss Shields Level 3  
  139  11:45  Stalker x4  
  139  11:46  Stalker x2  
  151  12:01  Charge  
  151  12:13  Pylon  
  151  12:15  Pylon  
  151  12:17  Pylon x2  
  151  12:19  Pylon  
  151  12:25  Dark Templar x6  
  163  12:58  Stalker x6  
  175  13:27  Stalker x2  
  175  13:28  Stalker x4  
  187  13:48  Nexus  
  187  13:50  Assimilator  
  187  13:53  Stalker x5  
  187  13:54  Stalker  
  199  13:55  Assimilator  
  141  15:42  Stargate  
  141  15:44  Stargate  
  141  15:47  Stargate  
  141  15:48  Stargate  
  141  15:49  Stargate  
  141  15:51  Stargate  
  141  15:52  Stargate  
  141  15:57  Stargate  
  141  16:00  Pylon  
  141  16:04  Cybernetics Core  
  141  16:05  Cybernetics Core  
  141  16:33  Protoss Air Weapons Level 1, Protoss Air Armor Level 1  
  141  16:51  Fleet Beacon  
  141  17:03  Nexus  
  141  17:06  Assimilator  
  141  17:11  Assimilator  
  141  17:14  Pylon  
  141  17:24  Nexus  
  141  17:26  Assimilator  
  141  17:31  Assimilator  
  141  17:34  Pylon  
  141  17:53  Nexus  
  141  17:56  Assimilator  
  141  17:57  Archon  
  141  17:58  Archon  
  141  18:11  Protoss Air Armor Level 2, Protoss Air Weapons Level 2  
  141  18:48  Stargate x2  
  141  18:52  Stargate  
  141  18:55  Stargate  
  141  18:59  Stargate  
  141  20:08  Protoss Air Armor Level 3, Protoss Air Weapons Level 3  
  109  21:28  Carrier x7  
  109  21:31  Carrier  
  109  21:32  Carrier x5  
  185  21:59  Stalker x2  
  185  22:00  Stalker  
  157  22:09  Mothership  
  161  22:29  Pylon  
  154  22:31  Pylon  
  154  22:35  Pylon  
  145  22:39  Pylon  
  145  22:41  Pylon  
  144  22:47  Carrier x4  
  144  22:48  Carrier x2  
  144  22:57  Carrier x3  
  198  26:48  Nexus  
Tags
 
Matchup
PvP
Spawn Locations
Cross Positions
Add a new tag
Caveats
  • Supply blocks, unpowered buildings, or Contaminate may cause inaccurate times.
  • Supply counts are checked every 10 seconds.